 Dungeon Crawl Stone Soup version 0.25-a0-435-g4b9beb1024 (webtiles) character file.

Game seed: 14204330633337263836, levelgen mode: deterministic

191 kae the Changer (level 5, 0/36 HPs)
             Began as a Draconian Transmuter on Jan 29, 2020.
             Was a Believer of Uskayaw.
             Killed from afar by an orc wizard (9 damage)
             ... with a puff of flame
             ... on level 3 of the Dungeon.
             The game lasted 00:02:17 (2864 turns).

kae the Changer (Draconian Transmuter)              Turns: 2864, Time: 00:02:18

Health: 0/36       AC:  2    Str: 12    XL:     5   Next: 41%
Magic:  2/8        EV: 19    Int: 16    God:    Uskayaw [**....]
Gold:   164        SH:  0    Dex: 17    Spells: 2/8 levels left

rFire    . . .     SeeInvis .     - Unarmed
rCold    . . .     Gourm    .   (shield currently unavailable)
rNeg     . . .     Faith    .   (armour unavailable)
rPois    x         Spirit   .   (helmet currently unavailable)
rElec    .         Reflect  .   (cloak currently unavailable)
rCorr    .         Harm     .   (gloves currently unavailable)
MR       .....                  (boots currently unavailable)
Stlth    ++........             (no amulet)
HPRegen  0.12/turn              (no ring)
MPRegen  0.11/turn              (no ring)

@: spider-form (expiring), slowed, very slow
A: tiny, unfitting armour, clever 1, frail 1, mutation resistance 1, AC +5
a: End Transformation, Stomp, Line Pass, Renounce Religion


You were on level 3 of the Dungeon.
You worshipped Uskayaw.
Uskayaw was noncommittal.
You were not hungry.
You were a venomous arachnid creature.
You visited 1 branch of the dungeon, and saw 3 of its levels.

You collected 164 gold pieces.

Inventory:

Missiles
 a - 50 arrows
Jewellery
 k - a +3 ring of strength
Wands
 b - a wand of iceblast (9)
 e - a wand of polymorph (10)
Scrolls
 g - 2 scrolls of remove curse
 h - a scroll of teleportation
 j - a scroll of identify
Potions
 d - 2 potions of lignification {unknown}
Comestibles
 c - 10 rations
 l - 2 chunks of flesh


   Skills:
 - Level 1.1 Fighting
 - Level 1.7 Dodging
 + Level 4.1 Unarmed Combat
 - Level 2.0 Spellcasting
 * Level 4.5 Transmutations
 + Level 1.8 Invocations


You had 2 spell levels left.
You knew the following spells:

 Your Spells              Type           Power        Failure   Level  Hunger
a - Beastly Appendage     Tmut           ###...       11%         1    #......
b - Sticks to Snakes      Tmut           ###.....     14%         2    ###....
c - Spider Form           Tmut/Pois      #.........   45%         3    ###....

Your spell library contained the following spells:

 Spells                   Type           Power        Failure   Level  Hunger
 Ice Form                 Ice/Tmut       #.......     82%         4    #####..
 Blade Hands              Tmut           ###.......   83%         5    ######.


Dungeon Overview and Level Annotations

Branches:
Dungeon (3/15)

Altars:
Qazlal
Uskayaw


Innate Abilities, Weirdness & Mutations

((Your plain brown scales are hard. (AC +5)))
You cannot fit into any form of body armour.
((You are cold-blooded and may be slowed by cold attacks.))
Your mind is acute. (Int +2)
You are frail. (-10% HP)
You are somewhat resistant to further mutation.


Message History

The orc wizard hits you but does no damage.
The orc wizard hits you with a +0 dagger.
The orc wizard closely misses you.
You can now pass through a line of other dancers.
You hit the orc wizard.
The orc wizard is poisoned.
The orc wizard is almost dead.
Your transformation is almost over.
The orc wizard hits you with a +0 dagger.
The orc wizard misses you.
The orc wizard points at you and mumbles some strange words.
The magic dart hits you.
* * * LOW HITPOINT WARNING * * *
The orc wizard hits you with a +0 dagger.
* * * LOW HITPOINT WARNING * * *
You barely miss the orc wizard.
The orc wizard is almost dead.
You kill the orc wizard!
The orc wizard gestures at you while chanting.
The puff of flame hits you!
You die...

.....#............# #...#.#
.....#.>...[.####.# #.###.#
.....#.......####.# #.....#
##...#..........#.# ####..#
##...#..........#.# #..#
................#.########..#
#......#.......#.......##..#
#..............#######.##..#
#..............s)..###.##..###
#......[......o#)............#
#######...##.###..........####
#...##.# #.#####.#### #...##.#
#.......# ##)###.# #########
######.###.# #..........#
#.####....##


You could see an orc wizard.

Vanquished Creatures
  2 orc priests
  An orc wizard (D:3)
  Ijyb (D:3)
  3 adders
  A worm (D:2)
  A dart slug (D:2)
  A leopard gecko (D:1)
  7 orcs
  4 bats
  6 goblins
  5 hobgoblins
  4 frilled lizards
  6 kobolds
  5 rats
47 creatures vanquished.

Notes
Turn   | Place    | Note
-------+----------+-------------------------------------------
     0 | D:1      | kae the Draconian Transmuter began the quest for the Orb.
     0 | D:1      | Reached XP level 1. HP: 16/16 MP: 3/3
   402 | D:1      | Reached XP level 2. HP: 17/23 MP: 3/5
  1391 | D:2      | Found a hide-covered altar of Uskayaw.
  1478 | D:2      | Found a stormy altar of Qazlal.
  1526 | D:2      | Became a worshipper of Uskayaw the Reveler
  1543 | D:2      | Reached XP level 3. HP: 21/28 MP: 4/6
  1543 | D:2      | Reached * piety under Uskayaw
  1546 | D:2      | Reached ** piety under Uskayaw
  1568 | D:2      | Reached *** piety under Uskayaw
  1786 | D:2      | Reached XP level 4. HP: 35/35 MP: 5/7
  2597 | D:3      | Noticed Ijyb
  2648 | D:3      | Killed Ijyb
  2648 | D:3      | Reached skill level 1 in Invocations
  2719 | D:3      | Gained mutation: Your mind is acute. (Int +2) [potion of
                  | mutation]
  2719 | D:3      | Gained mutation: You are frail. (-10% HP) [potion of
                  | mutation]
  2719 | D:3      | Gained mutation: You are somewhat resistant to further
                  | mutation. [potion of mutation]
  2786 | D:3      | Learned a level 2 spell: Sticks to Snakes
  2790 | D:3      | Learned a level 3 spell: Spider Form
  2862 | D:3      | Reached XP level 5. HP: 21/36 MP: 2/8
  2864 | D:3      | Killed from afar by an orc wizard

Levels and vault maps discovered:
D:1:      ncdulo_wetmaze, layout_loops_ring
D:2:      layout_loops_corners, overflow_temple_1_default, lemuel_doored_altar
D:3:      layout_basic, gup_sewer_entry_spiral, uniq_ijyb

Skill      XL: |  1  2  3  4 |
---------------+-------------+-----
Transmutations | 3 4 |  4.5
Invocations    | 1 |  1.8
Unarmed Combat | 4 |  4.1
Fighting       | |  1.1
Dodging        | |  1.7
Spellcasting   | |  2.0

Action                   |  1- 3 |  4- 6 || total
-------------------------+-------+-------++-------
Melee: Unarmed           |   110 |   110 ||   220
       Tailslap          |     7 |     7 ||    14
       Kick              |    10 |     3 ||    13
       Headbutt          |     1 |     5 ||     6
       Punch             |     1 |     2 ||     3
 Cast: Beastly Appendage |     9 |    11 ||    20
       Spider Form       |       |     1 ||     1
Invok: Line Pass         |     1 |       ||     1
       Stomp             |       |     1 ||     1
  Use: Scroll            |     5 |     2 ||     7
       Potion            |       |     4 ||     4
 Stab: Confused          |     1 |       ||     1
  Eat: Chunk             |     3 |     4 ||     7
Armor: Skin              |    16 |    29 ||    45
Dodge: Dodged            |    70 |    78 ||   148

Table legend:
 A = Non-vault XP
 B = Vault XP
 C = Vault XP percentage of total XP
 D = Non-vault monster count
 E = Vault monster count
 F = Vault count percentage of total count
                 A         B        C        D         E       F
            +---------+---------+-------+---------+---------+-------
      Total |     237 |      36 |  13.2 |      46 |       1 |   2.1
            +---------+---------+-------+---------+---------+-------
        D:1 |      27 |       0 |   0.0 |      17 |       0 |   0.0
        D:2 |      98 |       0 |   0.0 |      18 |       0 |   0.0
        D:3 |     112 |      36 |  24.3 |      11 |       1 |   8.3
            +---------+---------+-------+---------+---------+-------
